 Dungeon Crawl Stone Soup version 0.31-a0-217-g58bb5d79cf (webtiles) character file.

Game seed: 738977361123648888

308 qw the Shooter (level 6, -1/51 HPs)
             Began as a Minotaur Hexslinger on July 2, 2023.
             Slain by an orc priest
             ... wielding a +0 spear
              (4 damage)
             ... on level 4 of the Dungeon.
             The game lasted 00:01:02 (2586 turns).

qw the Shooter (Minotaur Hexslinger)                Turns: 2586, Time: 00:01:03

Health: -1/51      AC:  3    Str: 13    XL:     6   Next: 16%
Magic:  6/6        EV: 13    Int: 10    God:
Gold:   92         SH:  0    Dex: 20    Spells: 6/7 levels left

rFire   . . .        Y - +1 sling
rCold   . . .        (no shield)
rNeg    . . .        c - +0 robe
rPois   .            (helmet restricted)
rElec   .            (no cloak)
rCorr   .            (no gloves)
SInv    .            j - +0 pair of boots
Will    .....        (no amulet)
Stlth   ++           b - +6 ring of dexterity
HPRegen 0.28/turn    (no ring)
MPRegen 0.10/turn

%: no passive effects
@: about to teleport
A: horns 2, retaliatory headbutt
a: no special abilities


You were on level 4 of the Dungeon.
You visited 1 branch of the dungeon, and saw 4 of its levels.

You collected 92 gold pieces.


Innate Abilities, Weirdness & Mutations

You have a pair of horns on your head.
You reflexively headbutt those who attack you in melee.


   Skills:
 - Level 3.5 Fighting
 - Level 6.2 Ranged Weapons
 + Level 2.7 Dodging
 - Level 1.0 Spellcasting
 - Level 2.0 Hexes


You had 6 spell levels left.
You knew the following spells:

 Your Spells              Type           Power      Damage    Failure   Level
a - Slow                  Hex            16%        N/A       16%         1

Your spell library contained the following spells:

 Spells                   Type           Power      Damage    Failure   Level
 Inner Flame              Hex/Fire       2%         N/A       56%         3
 Portal Projectile        Hex/Tloc       4%         N/A       56%         3
 Cause Fear               Hex            2%         N/A       83%         4

Inventory:

Hand Weapons
 Y - a +1 sling (weapon)
Armour
 c - a +0 robe (worn)
 e - a +0 leather armour
 j - a +0 pair of boots (worn)
Jewellery
 b - a +6 ring of dexterity (left hand)
Scrolls
 d - 4 scrolls of teleportation
 h - a scroll of identify
 i - a scroll of revelation {unknown}
 k - a scroll of enchant weapon {unknown}
Potions
 a - a potion of curing
 f - a potion of might {unknown}
 g - a potion of berserk rage {unknown}

Dungeon Overview and Level Annotations

Branches:
Dungeon (4/15)
 Temple: D:4-7

Altars:
Cheibriados
Hepliaklqana
Xom


Message History

The orc priest misses you.
You shoot a sling bullet. The sling bullet hits the iguana.
The iguana is heavily wounded.
The orc priest hits you but does no damage.
The iguana barely misses you. The kobold hits you with a +0 club.
You shoot a sling bullet. The sling bullet hits the iguana.
The iguana is heavily wounded.
The orc priest misses you. The iguana barely misses you.
You furiously retaliate!
You headbutt the iguana! The kobold hits you with a +0 club.
You shoot a sling bullet. The sling bullet hits the iguana.
You kill the iguana!
The orc priest barely misses you. The kobold barely misses you.
You furiously retaliate!
You headbutt the kobold. You shoot a sling bullet.
The sling bullet hits the kobold.
You kill the kobold!
The orc priest barely misses you.
You shoot a sling bullet. The sling bullet hits the orc priest.
The orc priest is moderately wounded.
The orc priest hits you from afar with a +0 spear.
You shoot a sling bullet.
The sling bullet closely misses the orc priest.
The orc priest closely misses you.
You shoot a sling bullet.
The orc priest blocks the sling bullet with an invisible shield... and reflects it back!
The sling bullet hits you!
The orc priest hits you from afar with a +0 spear.
You shoot a sling bullet. The sling bullet hits the orc priest.
The orc priest is heavily wounded.
The orc priest completely misses you.
You shoot a sling bullet.
The orc priest blocks the sling bullet with an invisible shield... and reflects it back!
The sling bullet barely misses you.
The orc priest mumbles some strange prayers to Beogh against you.
Beogh smites you!
2586 ||| READING 5 scrolls of teleportation.
As you read the scroll of teleportation, it crumbles to dust.
You feel strangely unstable.
The orc priest hits you from afar with a +0 spear.
You die...

#..........
###.............#
#?..............# .
#...............# ..
#...............## ...
###..............# ....
###..............# .....
...........[.....#......
................@.......
................#)......
................#o......
....../.........#.......
....##############......
....# ...... .....
...... ..... ......
###..


You could see an orc priest (reflecting).

Vanquished Creatures
  A phantom (D:4)
  2 orc priests
  An iguana (D:4)
  An orc wizard (D:3)
  4 adders
  An ufetubus (D:4)
  3 worms (D:2)
  A dart slug (D:1)
  6 orcs
  3 endoplasms
  3 giant cockroaches
  4 goblins
  4 hobgoblins
  14 jackals
  7 kobolds
  A ball python (D:3)
  3 bats
  4 frilled lizards
  3 rats
66 creatures vanquished.

Notes
Turn   | Place    | Note
-------+----------+-------------------------------------------
     0 | D:1      | qw the Minotaur Hexslinger began the quest for the Orb.
     0 | D:1      | Reached XP level 1. HP: 16/16 MP: 1/1
     0 | D:1      | 0 ||| qw: Version: 0.3-a-40-ge99b1a8
     0 | D:1      | 0 ||| qw: Game counter: 7988
     0 | D:1      | 0 ||| qw: Melee chars always use a shield: true
     0 | D:1      | 0 ||| qw: God list: Okawaru
     0 | D:1      | 0 ||| qw: Allow faded altars: false
     0 | D:1      | 0 ||| qw: Do Orc after clearing Dungeon:15 true
     0 | D:1      | 0 ||| qw: Do second Lair branch before Depths: true
     0 | D:1      | 0 ||| qw: Lair rune preference: random
     0 | D:1      | 0 ||| qw: Goals: Normal
     0 | D:1      | 0 ||| PLANNING D:1-11
   139 | D:1      | Reached skill level 3 in Ranged Weapons
   139 | D:1      | Reached XP level 2. HP: 23/23 MP: 2/2
   318 | D:1      | 318 ||| READING scroll labelled KEV GIRAOLIS.
   319 | D:1      | 319 ||| DROPPING scroll of poison.
   660 | D:1      | 660 ||| UPGRADING to +6 ring of dexterity.
   661 | D:1      | 661 ||| DRINKING 2 amethyst potions.
   662 | D:1      | 662 ||| DROPPING potion of attraction.
   775 | D:2      | Reached XP level 3. HP: 24/29 MP: 3/3
   832 | D:2      | 832 ||| FLEEEEING.
   834 | D:2      | Reached skill level 4 in Ranged Weapons
   986 | D:2      | Found a shimmering altar of Xom.
  1094 | D:2      | Found a faded altar of an unknown god.
  1515 | D:2      | 1515 ||| UPGRADING to +0 pair of boots.
  1520 | D:2      | 1520 ||| DROPPING ring of magical power.
  1521 | D:2      | 1521 ||| READING 3 scrolls labelled DOZUGY OJUMN.
  1525 | D:2      | 1525 ||| READING scroll labelled OZEBBONLUG.
  1526 | D:2      | 1526 ||| READING scroll labelled LOALACOUHE.
  1527 | D:2      | 1527 ||| READING scroll labelled ROSSETUREY.
  1582 | D:3      | Reached XP level 4. HP: 36/36 MP: 4/4
  1602 | D:3      | Found a snail-covered altar of Cheibriados.
  1694 | D:3      | Found a hazy altar of Hepliaklqana.
  1767 | D:3      | You fall into a shaft and drop 1 floor!
  2051 | D:3      | Reached skill level 5 in Ranged Weapons
  2138 | D:3      | 2138 ||| FLEEEEING.
  2140 | D:3      | 2140 ||| FLEEEEING.
  2141 | D:3      | 2141 ||| FLEEEEING.
  2142 | D:3      | 2142 ||| STAIRDANCE
  2180 | D:2      | 2180 ||| READING scroll labelled TOSIHA ONYMNYS.
  2181 | D:2      | 2181 ||| READING 3 scrolls of identify.
  2181 | D:2      | 2181 ||| IDENTIFYING smoky orange potion
  2182 | D:2      | 2182 ||| READING 2 scrolls of identify.
  2182 | D:2      | 2182 ||| IDENTIFYING inky potion
  2183 | D:2      | 2183 ||| DROPPING potion of invisibility.
  2192 | D:3      | Reached skill level 3 in Fighting
  2192 | D:3      | Reached XP level 5. HP: 34/45 MP: 5/5
  2492 | D:4      | Noticed a phantom
  2503 | D:4      | Killed a phantom
  2504 | D:4      | Reached skill level 6 in Ranged Weapons
  2504 | D:4      | Reached XP level 6. HP: 51/51 MP: 6/6
  2531 | D:4      | 2531 ||| FLEEEEING.
  2585 | D:4      | HP: 3/51 [orc priest/divine providence (14)]
  2586 | D:4      | 2586 ||| READING 5 scrolls of teleportation.
  2586 | D:4      | Slain by an orc priest

Levels and vault maps discovered:
D:1:      beargit_arrival_greenhouse, layout_basic
D:2:      layout_basic, hellmonk_ecumenical_altar_blasted, basic_altar,
          minmay_nonomino_d4
D:3:      layout_loops_ring, mainiacjoe_overflow_concentric_impassable,
          worldfamousw_hep_ancestral_shrine, chequers_mini_garden
D:4:      layout_basic, vehumet_statue, tgw_trog, guppyfry_early_orc_mine

Skill      XL: |  1  2  3  4  5 |
---------------+----------------+-----
Ranged Weapons | 3 4 5 6 |  6.2
Fighting       | 2 3 |  3.5
Dodging        | |  2.7
Spellcasting   | |  1.0
Hexes          | |  2.0

Action                     |  1- 3 |  4- 6 || total
---------------------------+-------+-------++-------
   Fire: Sling             |   125 |   103 ||   228
    Use: Scroll            |     5 |     4 ||     9
         Potion            |     1 |       ||     1
 Armour: Robe              |    10 |     5 ||    15
  Dodge: Dodged            |    37 |    42 ||    79

Table legend:
 A = Non-vault XP
 B = Vault XP
 C = Vault XP percentage of total XP
 D = Non-vault monster count
 E = Vault monster count
 F = Vault count percentage of total count
                 A         B        C        D         E       F
            +---------+---------+-------+---------+---------+-------
      Total |     431 |       9 |   2.0 |      61 |       5 |   7.6
            +---------+---------+-------+---------+---------+-------
        D:1 |      32 |       0 |   0.0 |      18 |       0 |   0.0
        D:2 |      55 |       9 |  14.1 |      17 |       5 |  22.7
        D:3 |     120 |       0 |   0.0 |      13 |       0 |   0.0
        D:4 |     224 |       0 |   0.0 |      13 |       0 |   0.0
            +---------+---------+-------+---------+---------+-------
